 Dungeon Crawl Stone Soup version 0.30-a0-743-gbfdf073431 (webtiles) character file.

Game seed: 13010653364130301723

10025 kingofthe the Nimble (level 11, -5/92 HPs)
             Began as a Merfolk Gladiator on Feb 5, 2023.
             Was a Follower of Yredelemnul.
             Slain by a very large slime creature (26 damage)
             ... on level 9 of the Dungeon.
             The game lasted 00:35:03 (11238 turns).

kingofthe the Nimble (Merfolk Gladiator)           Turns: 11238, Time: 00:35:04

Health: -5/92      AC: 15    Str: 26    XL:     11   Next: 55%
Magic:  11/11      EV: 22    Int:  7    God:    Yredelemnul [*.....]
Gold:   783        SH:  5    Dex: 24    Spells: 10/10 levels left

rFire   . . .      SeeInvis .    a - +9 trident of Gazug {heavy, *Noise rElec rN+++ Dex+3}
rCold   . . .      Faith    .    (no shield)
rNeg    + + +      Spirit   .    q - +0 ring mail
rPois   .          Reflect  +    m - +0 helmet
rElec   +          Harm     .    t - +0 cloak
rCorr   .          Rampage  .    E - +2 pair of gloves
Will    .....                    Z - +2 pair of boots
Stlth   +++                      w - amulet of reflection
HPRegen 0.35/turn                D - +6 ring of strength
MPRegen 0.12/turn                V - +6 ring of dexterity

@: no status effects
A: (nimble swimmer 2), mertail
a: Renounce Religion, Recall Undead Harvest


You were on level 9 of the Dungeon.
You worshipped Yredelemnul.
Yredelemnul was noncommittal.
You visited 2 branches of the dungeon, and saw 10 of its levels.

You collected 783 gold pieces.

Inventory:

Hand Weapons
 a - the +9 trident of Gazug (weapon) {heavy, *Noise rElec rN+++ Dex+3}
   (You found it on level 7 of the Dungeon)

   Dex:       It affects your dexterity (+3).
   rElec:     It insulates you from electricity.
   rN:        It renders you almost immune to negative energy.
   *Noise:    It may make noises in combat.
 b - the +7 spear of Duty {antimagic, rPois rN+ Int-2}
   (You found it on level 1 of the Lair of Beasts)

   Int:       It affects your intelligence (-2).
   rPois:     It protects you from poison.
   rN:        It protects you from negative energy.
 M - a +0 spear of venom
 U - a +3 hand axe of venom
Missiles
 d - 4 throwing nets (quivered)
Armour
 m - a +0 helmet (worn)
 q - a +0 ring mail (worn)
 t - a +0 cloak (worn)
 E - a +2 pair of gloves (worn)
 Z - a +2 pair of boots (worn)
Jewellery
 i - a ring of positive energy
 l - a ring of willpower
 w - an amulet of reflection (around neck)
 D - a +6 ring of strength (left hand)
 G - a +4 ring of protection
 V - a +6 ring of dexterity (right hand)
Wands
 r - a wand of charming (1)
 B - a wand of polymorph (7)
 N - a wand of light (14)
 T - a wand of digging (7)
 Y - a wand of flame (9)
Scrolls
 c - a scroll of fear
 e - a scroll of magic mapping
 n - a scroll of blinking
 s - 4 scrolls of teleportation
 O - a scroll of enchant weapon
 P - a scroll of enchant armour
Potions
 f - 3 potions of curing
 j - a potion of berserk rage
 k - 2 potions of flight
 o - 3 potions of heal wounds
 u - 3 potions of invisibility
 z - 2 potions of resistance
 C - a potion of haste
 F - a potion of cancellation
 I - a potion of might
 W - a potion of attraction
 X - a potion of ambrosia


   Skills:
 + Level 10.4 Fighting
 + Level 4.4 Polearms
 - Level 5.0 Ranged Weapons
 - Level 2.0 Throwing
 + Level 7.0 Armour
 + Level 12.7 Dodging
 - Level 5.0 Stealth
 + Level 1.0 Invocations


You had 10 spell levels left.
You didn't know any spells.
Your spell library contained the following spells:

 Spells                   Type           Power      Damage    Failure   Level
 Necrotise                Necr           0%         1d4       54%         1
 Summon Small Mammal      Summ           0%         N/A       54%         1
 Scorch                   Fire           0%         2d5       69%         2
 Portal Projectile        Hex/Tloc       0%         N/A       89%         3
 Vampiric Draining        Necr           0%         2d6       89%         3
 Flame Wave               Conj/Fire      0%         2d4       100%        4
 Agony                    Necr           0%         N/A       100%        5
 Alistair's Intoxication  Tmut/Pois      0%         N/A       100%        5
 Borgnjor's Vile Clutch   Necr/Erth      0%         N/A       100%        5
 Eringya's Noxious Bog    Tmut/Pois      0%         N/A       100%        6
 Summon Cactus Giant      Summ           0%         N/A       100%        6


Dungeon Overview and Level Annotations

Branches:
Dungeon (9/15)             Temple (0/1) D:7            Lair (1/5) D:8
    Orc: D:9-12

Altars:
Gozag
Makhleb
Sif Muna
Vehumet
Wu Jian
Yredelemnul
The Shining One

Annotations:
D:3 3 runed translucent doors, kingofthe's ghost, amateur MfFi
D:7 2-head ogre


Innate Abilities, Weirdness & Mutations

((You are very nimble when in or above water. (Stealth+, EV+, Speed+++)))
Your lower body shifts to a powerful aquatic tail in water.


Message History

Your killer bee zombie hits the yak!
The yak dies!
The dead are walking!
Your kobold zombie hits the yak but does no damage.
You block the slime creature's attack.
The slime creature hits you but does no damage.
The large slime creature hits you but does no damage.
Two slime creatures merge to form a large slime creature.
The yak gores you but does no damage. The yak gores your kobold zombie.
Two slime creatures merge to form a very large slime creature.
Your killer bee zombie hits the large slime creature.
Your Invocations skill increases to level 1!
You catch the helpless large slime creature completely off-guard!
You puncture the large slime creature!
The large slime creature is severely wounded.
Your killer bee zombie hits the large slime creature.
The slime creature hits you but does no damage.
The very large slime creature barely misses you.
The large slime creature closely misses you.
The yak misses you. The yak gores you!
Your kobold zombie hits the slime creature but does no damage.
Your killer bee zombie completely misses the large slime creature.
The slime creature hits you but does no damage.
The very large slime creature hits you!!!
Ouch! That really hurt!
The yak completely misses you.
The large slime creature closely misses you.
The yak gores you but does no damage.
Your kobold zombie hits the slime creature but does no damage.
You hear an angry buzzing noise. x3
You barely miss the large slime creature.
The large slime creature is severely wounded.
Your killer bee zombie hits the large slime creature!
A killer bee comes into view.
Your killer bee zombie hits the large slime creature!
The slime creature hits you!
* * * LOW HITPOINT WARNING * * *
The very large slime creature hits you!!
You die...
Your body rises from the dead as a mindless zombie.

......................####...
.............................
..........####...###.........
..........#########..........
.................#...........
...####..........#......#...#
... #..........#......#...#
.. #.....ZY...##.#...#....
#....J@Y...##.#......##
#....JJZ...##.#.#.#....
#.....Z....##.#.#.##.#.
#..........##.#.#..Z...
#..........+....####.##
#..........##....?.#Z#.
#..........+.......ZZ#.
y..........# ...#....#.
+....#.


You could see a very large slime creature, a large slime creature (ally target),
a slime creature, 2 yaks, a killer bee, a friendly yak zombie, a friendly killer
bee zombie and a friendly kobold zombie.

Vanquished Creatures
  Maurice (D:8)
  4 komodo dragons (Lair:1)
  A troll (D:9)
  Grinder (D:5)
  Sigmund (D:6)
  A wyvern (D:8)
  3 basilisks (Lair:1)
  16 yaks
  4 steam dragons
  Menkaure (D:6)
  2 wargs (D:8)
  2 water moccasins
  An acid dragon (D:8)
  2 sky beasts (D:8)
  2 wolves (Lair:1)
  2 kobold brigands
  A phantom (D:5)
  4 bullfrogs (Lair:1)
  A necrophage (D:4)
  A gnoll sergeant (D:8)
  4 killer bees (D:9)
  A howler monkey (D:8)
  3 electric eels (D:8)
  2 jellies (D:4)
  4 hounds
  5 orc priests
  Ijyb (D:4)
  6 iguanas (Lair:1)
  5 orc wizards
  10 gnolls
  5 adders
  A shadow imp (D:7)
  2 white imps
  3 ufetubi
  4 worms
  2 dart slugs (D:2)
  23 orcs
  10 endoplasms
  2 giant cockroaches
  7 goblins
  4 hobgoblins
  8 jackals
  16 kobolds
  4 quokkas
  5 ball pythons
  4 bats
  5 frilled lizards
  3 rats
200 creatures vanquished.

Vanquished Creatures (collateral kills)
  A cane toad (Lair:1)
  A rime drake (Lair:1)
  2 yaks
  A wyvern (Lair:1)
  An ice beast (D:6)
  An orc warrior (D:8)
  A wolf (Lair:1)
  A centaur (D:7)
  A kobold brigand (D:7)
  A killer bee (D:9)
  A howler monkey (D:8)
  2 orc priests (D:8)
  A gnoll bouda (D:8)
  2 iguanas (Lair:1)
  An orc wizard (D:8)
  2 gnolls (D:8)
  3 adders
  An ufetubus (D:4)
  A worm (D:4)
  4 orcs
  A ball python (D:3)
  An endoplasm (D:4)
  5 goblins
  2 kobolds (D:7)
  A rat (D:3)
39 creatures vanquished.

Vanquished Creatures (others)
  A komodo dragon (Lair:1)
  A cane toad zombie (Lair:1)
  A komodo dragon zombie (Lair:1)
  A warg zombie (D:8)
  4 yak zombies (Lair:1)
  3 bullfrog zombies (Lair:1)
  A wolf zombie (Lair:1)
  A basilisk zombie (Lair:1)
  2 killer bee zombies (D:9)
  An acid dragon zombie (D:8)
  2 adder zombies (D:6)
  A human zombie (D:6)
  4 iguana zombies (Lair:1)
  A bat zombie (D:2)
  2 ball python zombies
  A giant cockroach zombie (D:2)
  2 goblin zombies
  A kobold (D:7)
  2 kobold zombies
  15 orc zombies
  A rat zombie (D:2)
  3 spectral ufetubi
  8 fungi
  9 plants
  5 toadstools (D:1)
73 creatures vanquished.

Grand Total: 312 creatures vanquished

Notes
Turn   | Place    | Note
-------+----------+-------------------------------------------
     0 | D:1      | kingofthe the Merfolk Gladiator began the quest for the
                  | Orb.
     0 | D:1      | Reached XP level 1. HP: 16/16 MP: 1/1
   258 | D:1      | Reached XP level 2. HP: 20/23 MP: 2/2
   351 | D:1      | Reached skill level 1 in Stealth
   427 | D:1      | Reached XP level 3. HP: 28/28 MP: 3/3
  1348 | D:2      | Reached skill level 1 in Armour
  1370 | D:2      | Found a basalt altar of Yredelemnul.
  1382 | D:2      | Reached XP level 4. HP: 27/34 MP: 4/4
  1390 | D:2      | Became a worshipper of Yredelemnul the Dark
  1678 | D:2      | Reached * piety under Yredelemnul
  2197 | D:3      | Reached XP level 5. HP: 41/41 MP: 5/5
  2373 | D:3      | Found a faded altar of an unknown god.
  2408 | D:3      | Found a runed translucent gate.
  2408 | D:3      | Found a runed translucent gate.
  2408 | D:3      | Found a runed translucent gate.
  2412 | D:3      | Noticed a kobold brigand
  2414 | D:3      | Noticed kingofthe's ghost (amateur MfFi)
  2436 | D:3      | Reached skill level 1 in Ranged Weapons
  2436 | D:3      | Reached skill level 5 in Dodging
  2485 | D:3      | Found a radiant altar of Vehumet.
  3013 | D:4      | Noticed Ijyb
  3029 | D:4      | Killed Ijyb
  3070 | D:4      | Reached XP level 6. HP: 36/48 MP: 6/6
  3127 | D:4      | Reached ** piety under Yredelemnul
  3149 | D:4      | Reached *** piety under Yredelemnul
  3400 | D:4      | Found a shimmering blue altar of Sif Muna.
  3400 | D:4      | Found a glowing golden altar of the Shining One.
  3410 | D:4      | Found a burning altar of Makhleb.
  3412 | D:4      | Found an ornate altar of the Wu Jian Council.
  3414 | D:4      | Found a basalt altar of Yredelemnul.
  3596 | D:4      | Reached **** piety under Yredelemnul
  3678 | D:4      | Reached XP level 7. HP: 54/54 MP: 7/7
  3945 | D:5      | Entered Level 5 of the Dungeon
  4074 | D:5      | Noticed Grinder
  4120 | D:5      | Paralysed by Grinder for 4 turns
  4129 | D:5      | Killed Grinder
  4130 | D:5      | Reached skill level 6 in Dodging
  4935 | D:6      | Noticed a steam dragon
  4947 | D:6      | Killed a steam dragon
  4948 | D:6      | Reached skill level 5 in Fighting
  4948 | D:6      | Reached XP level 8. HP: 26/62 MP: 8/8
  5192 | D:6      | Noticed Menkaure
  5214 | D:6      | Killed Menkaure
  5215 | D:6      | Reached skill level 5 in Stealth
  5364 | D:6      | Noticed Sigmund
  5372 | D:6      | Killed Sigmund
  5373 | D:6      | Reached skill level 7 in Dodging
  6082 | D:6      | Your ally Sigmund died
  6654 | D:7      | Found a staircase to the Ecumenical Temple.
  6782 | D:7      | Reached XP level 9. HP: 52/69 MP: 9/9
  6996 | D:7      | Reached skill level 8 in Dodging
  7020 | D:7      | Found an opulent altar of Gozag.
  7407 | D:7      | Identified the +9 trident of Gazug {heavy, *Noise rElec
                  | rN+++ Dex+3}
  7926 | D:8      | Noticed Maurice
  7936 | D:8      | Noticed a two-headed ogre
  7939 | D:8      | Killed Maurice
  8535 | D:8      | Reached skill level 9 in Dodging
  8607 | D:8      | Reached skill level 5 in Ranged Weapons
  8608 | D:8      | Reached XP level 10. HP: 79/79 MP: 10/10
  8610 | D:8      | Reached skill level 5 in Armour
  8638 | D:8      | Reached skill level 10 in Dodging
  9313 | D:8      | Found a staircase to the Lair.
  9597 | Lair:1   | Entered Level 1 of the Lair of Beasts
  9856 | Lair:1   | Reached skill level 11 in Dodging
  9909 | Lair:1   | Reached XP level 11. HP: 63/89 MP: 11/11
 10073 | Lair:1   | Reached skill level 12 in Dodging
 10086 | Lair:1   | Reached skill level 10 in Fighting
 10564 | Lair:1   | Identified the +7 spear of Duty {antimagic, rPois rN+
                  | Int-2}
 10802 | Lair:1   | Got the Compendium of the Cooperative Singularity
 11237 | D:9      | Reached skill level 1 in Invocations
 11238 | D:9      | Slain by a very large slime creature

Illustrated notes

Levels and vault maps discovered:
D:1:      heliophobic_arrival_enchanted_forest, layout_basic,
          minmay_gold_behind_fungi, grunt_decor_junction,
          chequers_serial_rivers_room_b, minmay_pentomino_s2
D:2:      layout_loops_ring, basic_altar, st_stairs_13,
          minmay_increasing_density
D:3:      layout_basic, nicolae_vehumet_radiance, gammafunk_ghost_nasty_kobolds,
          hellmonk_ecumenical_altar_blasted
D:4:      kennysheep_the_goblin_king, layout_layer_cave,
          chequers_temple_overflow_minitemple, chequers_serial_rivers_marsh
D:5:      layout_basic, serial_rivers, chequers_serial_rivers_small_a,
          chequers_serial_rivers_room_b, chequers_serial_rivers_room_a,
          chequers_serial_rivers_marsh, chequers_serial_rivers_large_a,
          chequers_serial_rivers_small_b, uniq_grinder
D:6:      layout_layer_cave, uniq_menkaure, uniq_sigmund
D:7:      layout_layer_cave, grunt_gozag_statues,
          minmay_temple_entry_purple_smoke
D:8:      nicolae_moon_pools, layout_basic, erik_lair_orcish_takeover,
          uniq_maurice
D:9:      layout_basic
Lair:1:   beast_lair_carwin_large_3, layout_misc_corridors,
          grunt_forest_small_clearings

Skill      XL: |  1  2  3  4  5  6  7  8  9 10 11 |
---------------+----------------------------------+-----
Stealth        | 1 2 3 4 5 |  5.0
Armour         | 1 2 3 4 6 7 |  7.0
Fighting       | 3 4 5 6 7 9 10 | 10.4
Ranged Weapons | 1 2 3 5 |  5.0
Dodging        | 5 6 7 9 11 12 | 12.7
Invocations    | 1 |  1.0
Polearms       | |  4.4
Throwing       | |  2.0

Action                     |  1- 3 |  4- 6 |  7- 9 | 10-12 || total
---------------------------+-------+-------+-------+-------++-------
  Melee: Trident           |    93 |    94 |    70 |   189 ||   446
         Punch             |       |     4 |     2 |     2 ||     8
         Hand axe          |       |    80 |    94 |       ||   174
         Tailslap          |       |       |     2 |       ||     2
         Spear             |       |       |       |    10 ||    10
   Fire: Sling             |    18 |    43 |    64 |     7 ||   132
 Invoke: Recall Undead Har |       |       |     1 |       ||     1
    Use: Scroll            |       |       |     3 |    21 ||    24
   Stab: Sleeping          |     4 |       |       |     2 ||     6
         Distracted        |       |     3 |       |     3 ||     6
 Armour: Leather armour    |    27 |    13 |       |       ||    40
         Ring mail         |       |    37 |    74 |    60 ||   171
  Dodge: Dodged            |    59 |    83 |   107 |   214 ||   463
  Block: Other             |       |    22 |    48 |    52 ||   122
         Reflection        |       |     1 |     5 |       ||     6

Table legend: (Time is in decaauts)
 A = Elapsed time spent in this place.
 B = Non-inter-level travel time spent in this place.
 C = Inter-level travel time spent in this place.
 D = Time resting spent in this place.
 E = Time spent auto-exploring this place.
 F = Levels seen in this place.
 G = Mean time per level.
                   A        B        C        D        E       F      G
               +--------+--------+--------+--------+--------+-----+--------+
         Total |  11358 |  10846 |    512 |   1058 |   7756 |  10 | 1135.8 |
       Dungeon |  10129 |   9692 |    437 |    905 |   7094 |   9 | 1125.4 |
          Lair |   1229 |   1154 |     75 |    153 |    661 |   1 | 1229.0 |
               +--------+--------+--------+--------+--------+-----+--------+

Top non-repeatable levels by time:
     D:6: 1784 daAuts
     D:8: 1672 daAuts
     D:7: 1583 daAuts
     D:4: 1270 daAuts
  Lair:1: 1229 daAuts
     D:1: 1083 daAuts
     D:2: 1011 daAuts
     D:5: 912 daAuts
     D:3: 607 daAuts
     D:9: 204 daAuts
